 Seeded DCSS version 0.30-a0-377-g5cb311bc9f (webtiles) character file.

Game seed: 9043500393456703904 (custom seed)

716 purpskrrrp the Grave Robber (level 7, -19/53 HPs)
             Began as a Demonspawn Necromancer on Nov 28, 2022.
             Was an Initiate of Yredelemnul.
             Demolished by an ogre
             ... wielding a +0 giant club
              (32 damage)
             ... on level 5 of the Dungeon.
             The game lasted 00:12:22 (4668 turns).

purpskrrrp the Grave Robber (DsNe)                  Turns: 4668, Time: 00:12:23

Health: -19/53     AC:  3    Str:  8    XL:     7   Next: 41%
Magic:  10/11      EV: 12    Int: 19    God:    Yredelemnul [......]
Gold:   256        SH:  0    Dex: 19    Spells: 11/12 levels left

rFire   . . .      SeeInvis .    v - staff of death
rCold   . . .      Faith    .    (no shield)
rNeg    + . .      Spirit   .    a - +1 robe
rPois   .          Reflect  .    (no helmet)
rElec   .          Harm     .    (no cloak)
rCorr   .          Rampage  .    (no gloves)
Will    .....                    (no boots)
Stlth   ++........               o - amulet of regeneration
HPRegen 1.08/turn                j - +6 ring of dexterity
MPRegen 0.12/turn                (no ring)

@: marked
A: hooves 1, demonic guardian 2
a: Renounce Religion, Recall Undead Harvest


You were on level 5 of the Dungeon.
You worshipped Yredelemnul.
Yredelemnul was noncommittal.
You visited 2 branches of the dungeon, and saw 6 of its levels.

You collected 256 gold pieces.

Inventory:

Hand Weapons
 h - a +0 lajatang of pain
Armour
 a - a +1 robe (worn)
Magical Staves
 v - a staff of death (weapon)
Jewellery
 j - a +6 ring of dexterity (left hand)
 o - an amulet of regeneration (around neck)
Wands
 s - a wand of light (7)
 w - a wand of flame (26)
Scrolls
 g - 2 scrolls of teleportation
 n - a scroll of identify
Potions
 b - 2 potions of magic
 c - a potion of cancellation {unknown}
 d - a potion of resistance {unknown}
 e - a potion of haste {unknown}
 f - 3 potions of heal wounds
 i - a potion of attraction {unknown}
 k - 3 potions of brilliance
 l - 2 potions of curing
 m - a potion of mutation {unknown}
 p - 2 potions of invisibility
 t - a potion of might {unknown}
 x - a potion of flight {unknown}


   Skills:
 + Level 3.7 Fighting
 + Level 3.0 Staves
 - Level 1.7 Dodging
 - Level 1.7 Stealth
 + Level 3.0 Spellcasting
 * Level 7.5 Necromancy


You had 11 spell levels left.
You knew the following spells:

 Your Spells              Type           Power      Damage    Failure   Level
a - Necrotise             Necr           100%       1d9       1%          1

Your spell library contained the following spells:

 Spells                   Type           Power      Damage    Failure   Level
 Vampiric Draining        Necr           47%        2d9       1%          3
 Sandblast                Erth           4%         2d4       16%         1
 Agony                    Necr           47%        N/A       19%         5
 Passwall                 Tmut/Erth      1%         N/A       22%         2
 Stone Arrow              Conj/Erth      4%         3d7       41%         3
 Leda's Liquefaction      Hex/Erth       1%         N/A       83%         4
 Lee's Rapid Deconstruct  Erth           1%         3d4*      99%         5
 Statue Form              Tmut/Erth      1%         N/A       100%        6
 Animate Dead             Necr           Unusable   N/A       N/A         4

Dungeon Overview and Level Annotations

Branches:
Dungeon (5/15)             Temple (1/1) D:4

Altars:
Ashenzari
Dithmenos
Gozag
Hepliaklqana
Makhleb
Okawaru
Sif Muna
Trog
Vehumet
Wu Jian
Xom
Yredelemnul

Annotations:
D:5 3 runed translucent doors, pokeman's ghost, novice DEHW


Innate Abilities, Weirdness & Mutations

You have large cloven feet.
A demonic guardian rushes to your aid.


Message History

There is a stone staircase leading up here.
n - a scroll of identify
Found a runed translucent gate.
An ogre comes into view. It is wielding a +0 giant club.
The bolt of light hits the ogre!
The ogre is moderately wounded.
The ogre is blinded.
An ogre comes into view. It is wielding a +0 giant club.
Clearing quiver.
The ogre closely misses you.
You hit the ogre but do no damage.
The ogre writhes in agony.
The ogre is moderately wounded.
The ogre attacks as you move away! The ogre barely misses you.
You hit the ogre but do no damage.
The ogre writhes in agony!
You kick the ogre.
The ogre is severely wounded.
Pokeman's ghost says, "You must not succeed where I failed!"
You barely miss the ogre.
The ogre is severely wounded.
The ogre barely misses you.
A quokka comes into view.
You hit the ogre. You kick the ogre.
The ogre is lightly wounded.
The ogre hits you with a +0 giant club!
Casting: Necrotise (safe; 1% risk of failure)
Confirm with . or Enter, or press ? or * to list all spells.
Aiming: Necrotise (safe; 1% risk of failure)
Press: ? - help, Shift-Dir - straight line, f/p - ogre
Aim: an ogre, wielding a +0 giant club (severely wounded, blind, chance to affect: 83%)
You feel a surge of power!
The ogre writhes in agony.
The ogre hits you with a +0 giant club!!
Ouch! That really hurt!
* * * LOW HITPOINT WARNING * * *
A demonic guardian appears!
There is a stone staircase leading up, spattered with blood here.
The ogre is no longer blind.
The ogre hits you with a +0 giant club!!
Ouch! That really hurt!
You die...
Your body rises from the dead as a mindless zombie.

.........+.#.
.....$..+.#
.......+.# .
......#o#..
.....#oo##
....#oo#8
#r..#oo##
#######...#Wo..
#..@O#...8#####
#...Or.####
#4...### #....#
#..[.# ######


You could see 2 ogres, a quokka and a friendly orange demon (summoned).

Vanquished Creatures
  A necrophage (D:4)
  2 wights (D:4)
  A human zombie (D:4)
  Jessica (D:2)
  Ijyb (D:4)
  An orc wizard (D:4)
  Natasha (twice) (D:4)
  A hound zombie (D:4)
  5 adders
  An adder zombie (D:4)
  2 dart slugs
  17 orcs
  4 bats
  5 endoplasms
  4 giant cockroaches
  8 goblins
  8 hobgoblins
  4 kobolds
  4 quokkas
  7 ball pythons
  2 frilled lizards
  4 rats
85 creatures vanquished.

Vanquished Creatures (collateral kills)
  A wight (D:4)
  2 bullfrog zombies (D:4)
  A centaur zombie (D:4)
  Natasha (D:4)
  An iguana (D:4)
  A hound zombie (D:4)
  An adder (D:2)
  An adder zombie (D:4)
  A worm (D:2)
  A bat (D:2)
  An endoplasm (D:2)
12 creatures vanquished.

Grand Total: 97 creatures vanquished

Notes
Turn   | Place    | Note
-------+----------+-------------------------------------------
     0 | D:1      | purpskrrrp the Demonspawn Necromancer began the quest for
                  | the Orb.
     0 | D:1      | Reached XP level 1. HP: 13/13 MP: 3/3
   274 | D:1      | Gained mutation: A weak demonic guardian rushes to your
                  | aid. [demonic ancestry]
   274 | D:1      | Reached XP level 2. HP: 20/20 MP: 0/5
   507 | D:1      | Reached skill level 1 in Fighting
   574 | D:1      | Reached skill level 5 in Necromancy
   758 | D:2      | Noticed Jessica
   772 | D:2      | Killed Jessica
   773 | D:2      | Reached XP level 3. HP: 14/26 MP: 0/6
  1334 | D:2      | Reached skill level 1 in Staves
  1334 | D:2      | Gained mutation: A demonic guardian rushes to your aid.
                  | [demonic ancestry]
  1334 | D:2      | Reached XP level 4. HP: 32/33 MP: 4/7
  2422 | D:3      | Found a hazy altar of Hepliaklqana.
  2669 | D:3      | Found a faded altar of an unknown god.
  2857 | D:3      | Reached XP level 5. HP: 38/38 MP: 1/8
  2987 | D:3      | Reached skill level 6 in Necromancy
  3024 | D:3      | You fall into a shaft and drop 1 floor!
  3567 | D:4      | Found a staircase to the Ecumenical Temple.
  3609 | D:4      | Noticed Natasha
  3615 | D:4      | Killed Natasha
  3696 | D:4      | Noticed Natasha
  3701 | D:4      | Killed Natasha
  3777 | Temple   | Entered the Ecumenical Temple
  4087 | D:4      | Found a shadowy altar of Dithmenos.
  4220 | D:4      | Reached XP level 6. HP: 38/46 MP: 9/9
  4291 | D:4      | Noticed Natasha
  4308 | D:4      | Killed Natasha
  4313 | D:4      | Reached skill level 7 in Necromancy
  4313 | D:4      | Gained mutation: You have large cloven feet. [demonic
                  | ancestry]
  4313 | D:4      | Reached XP level 7. HP: 50/52 MP: 10/10
  4341 | D:4      | Found a basalt altar of Yredelemnul.
  4363 | D:4      | Became a worshipper of Yredelemnul the Dark
  4440 | D:4      | Noticed Ijyb
  4450 | D:4      | Killed Ijyb
  4647 | D:5      | Entered Level 5 of the Dungeon
  4653 | D:5      | Noticed pokeman's ghost (novice DEHW)
  4654 | D:5      | Found a runed translucent gate.
  4655 | D:5      | Found a runed translucent gate.
  4658 | D:5      | Found a runed translucent gate.
  4668 | D:5      | Demolished by an ogre

Illustrated notes

Levels and vault maps discovered:
D:1:      minmay_arrival_open_corners, layout_basic
D:2:      minmay_alternating_diamond, layout_basic, uniq_jessica
D:3:      layout_rooms, mainiacjoe_overflow_cross_hatched,
          chequers_ecumenical_altar_simple, serial_aquarium,
          aquarium_bridge_long_joined [aquarium_subvault_wall,
          aquarium_subvault_balcony, aquarium_subvault_bridge,
          aquarium_subvault_wall, aquarium_subvault_balcony,
          aquarium_subvault_bridge], aquarium_bridge_square
          [aquarium_subvault_bridge, aquarium_subvault_bridge,
          aquarium_subvault_wall, aquarium_subvault_wall],
          aquarium_window_corner, aquarium_window_corner, aquarium_window_fake,
          aquarium_window_2, aquarium_view_2b,
          hangedman_abyss_or_decor_lesser_grid, dreamdust_wishing_well,
          minmay_starry_boxes
D:4:      layout_loops_cross, nicolae_dithmenos_the_darkroom,
          lemuel_mausoleum_altar_yredelemnul, temple_pool_b, uniq_ijyb,
          uniq_natasha
D:5:      layout_rooms, nicolae_elyvilon_temple_path,
          nicolae_qazlal_style_of_elements, biasface_ghost_orc_armoury,
          uniq_grinder
Temple:   cyrus_temple_forest

Skill      XL: |  1  2  3  4  5  6  7 |
---------------+----------------------+-----
Fighting       | 1 2 3 |  3.7
Necromancy     | 5 6 7 |  7.5
Staves         | 1 2 3 |  3.0
Spellcasting   | 3 |  3.0
Dodging        | |  1.7
Stealth        | |  1.7

Action                   |  1- 3 |  4- 6 |  7- 9 || total
-------------------------+-------+-------+-------++-------
Melee: Unarmed           |    13 |       |       ||    13
       Lajatang          |    13 |    35 |    22 ||    70
       Staff             |       |    21 |     4 ||    25
       Kick              |       |       |    13 ||    13
 Cast: Necrotise         |    47 |   104 |     4 ||   155
Evoke: Wand              |       |     5 |     9 ||    14
  Use: Potion            |     1 |       |       ||     1
       Scroll            |       |     2 |     7 ||     9
Armor: Robe              |     6 |     7 |     2 ||    15
Dodge: Dodged            |    28 |    43 |    19 ||    90

Table legend: (Time is in decaauts)
 A = Elapsed time spent in this place.
 B = Non-inter-level travel time spent in this place.
 C = Inter-level travel time spent in this place.
 D = Time resting spent in this place.
 E = Time spent auto-exploring this place.
 F = Levels seen in this place.
 G = Mean time per level.
                   A        B        C        D        E       F      G
               +--------+--------+--------+--------+--------+-----+--------+
         Total |   4699 |   4424 |    275 |    117 |   3667 |   6 |  783.2 |
       Dungeon |   4589 |   4346 |    243 |    117 |   3629 |   5 |  917.8 |
        Temple |    109 |     77 |     32 |      0 |     38 |   1 |  109.0 |
               +--------+--------+--------+--------+--------+-----+--------+

Top non-repeatable levels by time:
     D:2: 1305 daAuts
     D:3: 1275 daAuts
     D:4: 1230 daAuts
     D:1: 757 daAuts
  Temple: 109 daAuts
     D:5: 21 daAuts
